 Dungeon Sprint DCSS version 0.29-a0-668-g12ee2bf84d (webtiles) character file.

Game seed: 3117968849512103888

980 shadowstone the Blocker (level 8, -5/55 HPs)
             Began as a Gargoyle Fighter on June 23, 2022.
             Was an Elder of Lugonu.
             Slain by a daeva
             ... wielding a +5 scimitar of holy wrath
             ... created by the Shining One
              (13 damage)
             ... in the Dungeon (Sprint V: "Ziggurat Sprint").
             The game lasted 00:11:59 (841 turns).

shadowstone the Blocker (Gargoyle Fighter)           Turns: 841, Time: 00:12:01

Health: -5/55      AC: 35    Str: 27      XL:     8   Next: 17%
Magic:  8/8        EV:  1    Int:  7 (8)  God:    Lugonu [****..]
Gold:   0          SH: 30    Dex: 16 (17) Spells: 7/7 levels left

rFire   . . .      SeeInvis +   E - +14 obsidian axe {vorpal, Mesm Drain Fly SInv}
rCold   . . .      Faith    .   C - +18 shield of the Gong {rElec rN+ Will+ EV-5}
rNeg    + + .      Spirit   .   B - +15 Maxwell's patent armour {-Cast -Tele rElec Will+ rCorr}
rPois   ∞          Reflect  .   (no helmet)
rElec   +          Harm     .   (no cloak)
rCorr   +          Rampage  .   (no gloves)
Will    ++...      NoTele   +   (no boots)
Stlth   .......... NoCast   +   (no amulet)
HPRegen 0.18/turn               v - +6 ring of dexterity
MPRegen 0.11/turn               z - +6 ring of strength

@: flying, mesmerised, glowing
A: sickness immunity, AC +5, negative energy resistance 1, electricity
resistance, torment resistance 1, petrification resistance, deterioration 1
a: Renounce Religion, Bend Space, Banish, Corrupt


You were in the Dungeon.
You worshipped Lugonu.
Lugonu was greatly pleased with you.
You visited 1 branch

Inventory:

Hand Weapons
 D - the +11 plutonium sword {Contam Stlth-}
   (You found it in the Dungeon)

   It occasionally inflicts wild transmutation effects on those it strikes,
   inflicting malmutation or extra damage, or polymorphing them into a new form.
   Contam:    It causes magical contamination when unequipped.
   Stlth:     It makes you less stealthy.
 E - the +14 obsidian axe (weapon) {vorpal, Mesm Drain Fly SInv}
   (You found it in the Dungeon)

   It inflicts extra damage upon your enemies.
   It occasionally summons demons to assist the wielder when it strikes in
   combat.
   Its wielder is mesmerised by any visible foes.
   It cannot be unequipped while any foes are visible.
   SInv:      It lets you see invisible.
   Fly:       It grants you flight.
   Drain:     It drains your maximum health when unequipped.
 F - a +5 lajatang
Armour
 a - a +0 scale mail
 b - a +0 buckler
 B - the +15 Maxwell's patent armour (worn) {-Cast -Tele rElec Will+ rCorr}
   (You found it in the Dungeon)

   rElec:     It insulates you from electricity.
   -Cast:     It prevents spellcasting.
   -Tele:     It prevents most forms of teleportation.
   rCorr:     It protects you from acid and corrosion.
   Will:      It increases your willpower.
 C - the +18 shield of the Gong (worn) {rElec rN+ Will+ EV-5}
   (You found it in the Dungeon)

   It is deafeningly noisy when blocking attacks.
   EV:        It affects your evasion (-5).
   rElec:     It insulates you from electricity.
   rN:        It protects you from negative energy.
   Will:      It increases your willpower.
Jewellery
 u - a ring of flight
 v - a +6 ring of dexterity (left hand)
 w - a +6 ring of dexterity
 x - a +6 ring of intelligence
 y - a +6 ring of intelligence
 z - a +6 ring of strength (right hand)
 A - a +6 ring of strength
 H - a ring of ice
 J - a ring of wizardry
Wands
 r - a wand of mindburst (7)
 s - a wand of iceblast (7)
 t - a wand of acid (7)
Scrolls
 i - 4 scrolls of blinking
 n - 4 scrolls of amnesia
 o - 7 scrolls of fog
 p - 5 scrolls of identify
 q - 2 scrolls of fear
 I - a scroll of brand weapon
Potions
 c - 6 potions of might
 d - 10 potions of curing
 e - 9 potions of heal wounds
 f - 6 potions of haste
 g - 7 potions of magic
 h - 3 potions of berserk rage
 j - 2 potions of brilliance
 k - 2 potions of invisibility
 l - 4 potions of resistance
 m - a potion of experience
Miscellaneous
 G - a phial of floods


   Skills:
 + Level 8.7 Fighting
 + Level 6.6 Axes
 + Level 10.2 Armour
 + Level 0.2 Dodging
 + Level 11.9 Shields
 + Level 3.7 Unarmed Combat


You had 7 spell levels left.
You didn't know any spells.
Your spell library contained the following spells:

 Spells                   Type           Power      Damage    Failure   Level
 Foxfire                  Conj/Fire      0%         2x1d4     100%        1
 Sticky Flame             Conj/Fire      0%         2d3       100%        4
 Fireball                 Conj/Fire      0%         3d3       100%        5
 Fire Storm               Conj/Fire      0%         5d1       100%        9


Dungeon Overview and Level Annotations

Branches:
Dungeon (1/1)

Altars:
Ashenzari
Cheibriados
Dithmenos
Elyvilon
Fedhas
Gozag
Hepliaklqana
Kikubaaqudgha
Makhleb
Nemelex Xobeh
Okawaru
Qazlal
Ru
Sif Muna
Trog
Uskayaw
Vehumet
Wu Jian
Xom
Yredelemnul
Zin
The Shining One
Beogh
Jiyva
Lugonu

Annotations:
D 1 transporter


Innate Abilities, Weirdness & Mutations

You are immune to sickness and miasma.
Your stone body is resilient. (AC +5)
You are immune to poison.
You resist negative energy. (rN+)
You are resistant to electric shocks. (rElec)
You are resistant to unholy torment.
You are immune to petrification.
Your body sometimes deteriorates upon taking damage.


Message History

GONNNNG!
You block the daeva's attack.
PTOANNNG!
You slice the daeva!! You open a gate to Pandemonium!
A demon appears!
It doesn't seem very happy.
The daeva is moderately wounded.
Visions of slaying the rust devil flood into your mind.
You block the daeva's attack.
GONNNNG!
You block the daeva's attack.
GONNNNG!
The daeva blocks your attack.
The daeva is moderately wounded.
You slash the rust devil! You open a gate to Pandemonium!
A demon appears!
The daeva calls down the wrath of the Shining One upon you.
The Shining One smites you!
* * * LOW HITPOINT WARNING * * *
You block the rust devil's attack.
GONNNNG!
The daeva blocks your attack.
The daeva is moderately wounded.
You hit the rust devil but do no damage.
You open a gate to Pandemonium!
A demon appears!
The daeva calls down the wrath of the Shining One upon you.
The Shining One smites you!
* * * LOW HITPOINT WARNING * * *
You block the rust devil's attack.
BONNNG!
You block the daeva's attack.
GONNNNG!
You block the daeva's attack.
BOUMMMMG!
The daeva blocks your attack.
The daeva is moderately wounded.
You hit the rust devil. You block the rust devil's attack.
PANG!
Your ice devil hits the rust devil.
Your ice devil freezes the rust devil!
The rust devil resists.
The daeva hits you with a +5 scimitar of holy wrath!
You die...

▓.....▓.....▓.....▓
▓...†.▓.....▓..©..▓
▓..©..▓..©..▓▓▓▓▓▓▓
▓▓▓▓▓▓▓▓▓▓▓▓▓▓
▓..8©8...▓
▓..=))...▓
▓...:....▓
▓........▓
▓.44@A...▓
▓.▓.4..▓.▓
▓...©....▓
▓▓▓▓▓▓▓▓▓▓


You could see a daeva, a rust devil (summoned, mesmerising, ally target), a
friendly ice devil (summoned) and a friendly chaos spawn (summoned).

Vanquished Creatures
  2 jumping spiders (D)
  A centaur (D)
  2 scorpions (D)
  An iguana (D)
  A mummy (D)
  A river rat (D)
  2 adder zombies (D)
  A giant cockroach zombie (D)
11 creatures vanquished.

Vanquished Creatures (collateral kills)
  2 yaktaurs (D)
2 creatures vanquished.

Grand Total: 13 creatures vanquished

Notes
Turn   | Place    | Note
-------+----------+-------------------------------------------
     0 | D        | shadowstone the Gargoyle Fighter began the quest for the
                  | Orb.
     0 | D        | Reached XP level 1. HP: 14/14 MP: 1/1
     0 | D        | Found a blossoming altar of Fedhas.
     0 | D        | Found the +6 Majin-Bo {vamp, MP+6 Int+6}
     0 | D        | Found the +9 heavy crossbow "Sniper" {vorpal, Acc+∞ SInv}
     0 | D        | Found the +10 dark maul {vorpal}
     0 | D        | Found the +15 Maxwell's patent armour {-Cast -Tele rElec
                  | Will+ rCorr}
     0 | D        | Found the +18 shield of the Gong {rElec rN+ Will+ EV-5}
     0 | D        | Found the +14 obsidian axe {vorpal, Mesm Drain Fly SInv}
     0 | D        | Found the +7 great mace "Firestarter" {inner flame, rF++}
     0 | D        | Found the +6 shillelagh "Devastator" {shatter}
     0 | D        | Found the +11 plutonium sword {Contam Stlth-}
     0 | D        | Found the +8 lance "Wyrmbane" {slay drac, rPois rF+ rC+
                  | AC+3}
     0 | D        | Found the +9 sword of Zonguldrok {reap}
     0 | D        | Found the +13 scythe of Curses {drain, Drain}
     0 | D        | Found the +5 sword of Power {vorpal}
     0 | D        | Found the +7 mace of Variability {chain chaos}
     0 | D        | Found the +7 Singing Sword {vorpal, sonic wave}
     0 | D        | Found the +8 storm bow {elec, penet}
     1 | D        | Found a shimmering blue altar of Sif Muna.
     1 | D        | Found a sacrificial altar of Ru.
     1 | D        | Found a bloodstained altar of Trog.
     1 | D        | Found a stormy altar of Qazlal.
     1 | D        | Found an iron altar of Okawaru.
     1 | D        | Found a sparkling altar of Nemelex Xobeh.
     4 | D        | Found a transporter.
     4 | D        | Found a viscous altar of Jiyva.
     4 | D        | Found an ancient bone altar of Kikubaaqudgha.
     4 | D        | Found a hazy altar of Hepliaklqana.
     4 | D        | Found a corrupted altar of Lugonu.
     4 | D        | Found an opulent altar of Gozag.
     4 | D        | Found a burning altar of Makhleb.
   170 | D        | Became a worshipper of the Shining One
   261 | D        | Fell from the grace of the Shining One
   261 | D        | Became a worshipper of Lugonu the Unformed
   261 | D        | Reached * piety under Lugonu
   280 | D        | Gained mutation: Your body sometimes deteriorates upon
                  | taking damage. [mutagenic glow]
   396 | D        | Entered arena 2.
   396 | D        | Noticed an iguana
   396 | D        | Found a transporter.
   399 | D        | Reached skill level 4 in Shields
   399 | D        | Reached XP level 2. HP: 15/20 MP: 2/2
   401 | D        | Reached skill level 5 in Armour
   401 | D        | Reached skill level 5 in Shields
   401 | D        | Reached XP level 3. HP: 19/25 MP: 3/3
   568 | D        | Entered arena 3.
   568 | D        | Noticed a yaktaur
   568 | D        | Noticed a yaktaur
   568 | D        | Noticed a centaur
   568 | D        | Found a transporter.
   573 | D        | HP: 1/25 [yaktaur (8)]
   575 | D        | Killed a centaur
   575 | D        | Reached ** piety under Lugonu
   576 | D        | Reached skill level 5 in Fighting
   576 | D        | Reached skill level 1 in Axes
   576 | D        | Reached skill level 6 in Shields
   576 | D        | Reached XP level 4. HP: 30/32 MP: 4/4
   576 | D        | Killed a yaktaur
   576 | D        | Killed a yaktaur
   577 | D        | Reached skill level 10 in Shields
   577 | D        | Reached XP level 5. HP: 36/39 MP: 5/5
   577 | D        | Reached XP level 6. HP: 41/44 MP: 6/6
   577 | D        | Reached XP level 7. HP: 46/49 MP: 7/7
   587 | D        | Got the Disquisition on Flames
   698 | D        | Entered arena 4.
   698 | D        | Noticed a jumping spider
   698 | D        | Noticed a jumping spider
   698 | D        | Found a transporter.
   701 | D        | Reached skill level 5 in Axes
   704 | D        | Noticed a smoke demon
   705 | D        | Killed a jumping spider
   705 | D        | Reached *** piety under Lugonu
   705 | D        | Killed a jumping spider
   706 | D        | Reached skill level 10 in Armour
   706 | D        | Reached skill level 11 in Shields
   706 | D        | Reached XP level 8. HP: 34/55 MP: 8/8
   829 | D        | Entered arena 5.
   829 | D        | Found a transporter.
   833 | D        | Noticed a daeva
   833 | D        | Reached **** piety under Lugonu
   838 | D        | Noticed a rust devil
   841 | D        | Slain by a daeva

Illustrated notes

Levels and vault maps discovered:
D:        sprint_v [room_start, room_1, room_2, room_3, room_4, room_5, room_6,
          room_7, room_8, room_9, room_10, room_11, room_12, room_13, room_14,
          room_15, room_16, room_17, room_18, room_19, room_20, room_21,
          room_22, room_23, room_24, room_25, room_26, room_27]

Skill      XL: |  1  2  3  4  5  6  7 |
---------------+----------------------+-----
Fighting       | 4 5 8 |  8.7
Armour         | 4 5 6 9 10 | 10.2
Shields        | 4 5 6 10 11 | 11.9
Axes           | 1 4 6 |  6.6
Unarmed Combat | 3 |  3.7
Dodging        | |  0.2

Action                   |  1- 3 |  4- 6 |  7- 9 || total
-------------------------+-------+-------+-------++-------
Melee: Broad axe         |     4 |     1 |    16 ||    21
  Use: Potion            |     1 |       |       ||     1
Armor: Plate armour      |     5 |       |    22 ||    27
Block: Kite shield       |    23 |     2 |    38 ||    63

Table legend: (Time is in decaauts)
 A = Elapsed time spent in this place.
 B = Non-inter-level travel time spent in this place.
 C = Inter-level travel time spent in this place.
 D = Time resting spent in this place.
 E = Time spent auto-exploring this place.
 F = Levels seen in this place.
 G = Mean time per level.
                   A        B        C        D        E       F      G
               +--------+--------+--------+--------+--------+-----+--------+
         Total |    848 |    809 |     39 |    336 |      0 |   1 |  848.0 |
       Dungeon |    848 |    809 |     39 |    336 |      0 |   1 |  848.0 |
               +--------+--------+--------+--------+--------+-----+--------+

Top non-repeatable levels by time:
       D: 848 daAuts
